 Dungeon Crawl Stone Soup version 0.31-a0-851-g7ff8af7976 (webtiles) character file.

Game seed: 539128292391619492

135 KristoblXynda the Slasher (level 4, 0/60 HPs)
             Began as a Draconian Berserker on Oct 7, 2023.
             Was a Believer of Trog.
             Succumbed to an orc's poison
             ... on level 4 of the Dungeon.
             The game lasted 00:02:46 (2547 turns).

KristoblXynda the Slasher (Draconian Berserker)     Turns: 2547, Time: 00:02:47

Health: 0/60       AC:  6    Str: 20    XL:     4   Next: 96%
Magic:  4/4        EV: 12    Int:  9    God:    Trog [**....]
Gold:   215        SH:  0    Dex: 10    Spells: 3/3 levels left

rFire   . . .        a - +0 falchion
rCold   . . .        (no shield)
rNeg    . . .        (body armour unavailable)
rPois   .            (helmet restricted)
rElec   .            n - +0 cloak
rCorr   .            (no gloves)
SInv    .            (no boots)
Will    .....        (no amulet) Stlth
                     (no ring)
HPRegen 0.30/turn    (no ring)
MPRegen 0.09/turn

%: no passive effects
@: berserking (expiring), lethally poisoned (0 -> -6), very quick
A: AC +5, unfitting armour, cold-blooded
a: Renounce Religion, Berserk, Trog's Hand


You were on level 4 of the Dungeon.
You worshipped Trog.
Trog was pleased with you.
You visited 1 branch of the dungeon, and saw 4 of its levels.

You collected 215 gold pieces.

Inventory:

Hand Weapons
 a - a +0 falchion (weapon)
Missiles
 d - 2 javelins
Armour
 n - a +0 cloak (worn)
 q - a +0 buckler
Scrolls
 c - 4 scrolls of identify {unknown}
 e - 2 scrolls of poison {unknown}
 f - a scroll of teleportation {unknown}
 g - a scroll of amnesia {unknown}
 i - a scroll of fear {unknown}
 k - a scroll of revelation {unknown}
 m - a scroll of acquirement {unknown}
Potions
 b - a potion of curing {unknown}
 h - 2 potions of heal wounds {unknown}
 j - 2 potions of brilliance {unknown}
 l - 2 potions of berserk rage {unknown}
 o - a potion of attraction {unknown}
 p - a potion of enlightenment {unknown}
 r - 2 potions of cancellation {unknown}


   Skills:
 + Level 4.2 Fighting
 * Level 4.5 Long Blades
 + Level 3.4 Dodging


You had 3 spell levels left.
You didn't know any spells.
Your spell library was empty.

Dungeon Overview and Level Annotations

Branches:
Dungeon (4/15)
 Temple: D:4-7

Altars:
Nemelex Xobeh

Shops:
D:2 (


Innate Abilities, Weirdness & Mutations

Your plain brown scales are hard. (AC +5)
You cannot fit into any form of body armour.
You are cold-blooded and may be slowed by cold attacks.


Message History

The orc hits you but does no damage.
You are more poisoned.
You hit the orc.
The orc is almost dead.
You feel very sick. The orc hits you with a +0 mace.
The orc hits you but does no damage. The orc hits you with a +0 mace.
* * * LOW HITPOINT WARNING * * *
The orc closely misses you.
A red film seems to cover your vision as you go berserk!
You feel yourself moving faster!
You feel mighty!
You feel sick. The orc hits you with a +0 mace.
* * * LOW HITPOINT WARNING * * *
The orc hits you but does no damage.
You are lethally poisoned!
You hit the orc.
The orc is heavily wounded.
* * * LOW HITPOINT WARNING * * *
You feel very sick.
You closely miss the orc.
The orc is heavily wounded.
* * * LOW HITPOINT WARNING * * *
You feel sick. The orc completely misses you. The orc barely misses you. x2
You completely miss the orc.
The orc is almost dead.
* * * LOW HITPOINT WARNING * * *
You feel sick. The orc completely misses you. The orc closely misses you.
The orc misses you.
You closely miss the orc.
The orc is heavily wounded.
* * * LOW HITPOINT WARNING * * *
You feel sick. The orc barely misses you.
The orc cheers repeatedly.
The orc closely misses you.
The orc hits you with a +1 dagger of venom.
* * * LOW HITPOINT WARNING * * *
You slash the orc!
You kill the orc!
Trog accepts your kill.
You die...

## .....# .... ....#
...... ...# #......
..# #......#####'####
#...............#
#.............).#
#.............@o#
#.............o)'.....
#...............#.....
#...............# ....
###...............#
...
...######.........# ..
...# ######...... #
...# #...... ...#
.....


You could see 2 orcs.

Vanquished Creatures
  2 adders
  4 gnolls (D:3)
  A worm (D:2)
  8 orcs
  6 ball pythons
  5 endoplasms
  A giant cockroach (D:3)
  5 goblins
  4 hobgoblins
  8 jackals
  6 kobolds
  A quokka (D:3)
  7 bats
  4 frilled lizards
  3 rats
65 creatures vanquished.

Notes
Turn   | Place    | Note
-------+----------+-------------------------------------------
     0 | D:1      | KristoblXynda the Draconian Berserker began the quest for
                  | the Orb.
     0 | D:1      | Reached XP level 1. HP: 19/19 MP: 1/1
   146 | D:1      | Reached XP level 2. HP: 22/26 MP: 2/2
   758 | D:2      | Reached XP level 3. HP: 5/31 MP: 3/3
  1109 | D:2      | Found Ezxacem's Antique Weapon Boutique.
  1607 | D:3      | Reached ** piety under Trog
  1727 | D:3      | Reached XP level 4. HP: 30/40 MP: 4/4
  2152 | D:3      | Found a sparkling altar of Nemelex Xobeh.
  2546 | D:4      | HP: 2/60 [orc/+1 dagger of venom (4)]
  2547 | D:4      | Succumbed to an orc's poison

Illustrated notes

Levels and vault maps discovered:
D:1:      mrwooster_arrival_statue, layout_rooms
D:2:      layout_loops_ring, serial_shops, nicolae_shop_window_shopping
D:3:      layout_basic, general_overflow_altar
D:4:      layout_gridville, serial_rivers, chequers_serial_rivers_micro_e,
          chequers_serial_rivers_micro_d, chequers_serial_rivers_room_a,
          chequers_serial_rivers_micro_e, kennysheep_generic_room_13,
          uniq_edmund

Skill      XL: |  1  2  3  4 |
---------------+-------------+-----
Dodging        | 3 |  3.4
Long Blades    | 4 |  4.5
Fighting       | 4 |  4.2

Action                     |  1- 3 |  4- 6 || total
---------------------------+-------+-------++-------
  Melee: Falchion          |   153 |    75 ||   228
         Tailslap          |    13 |     8 ||    21
         Punch             |     1 |     1 ||     2
 Invoke: Berserk           |     5 |     2 ||     7
 Armour: Skin              |   121 |    55 ||   176
  Dodge: Dodged            |   160 |    60 ||   220

Table legend: (Time is in decaauts)
 A = Elapsed time spent in this place.
 B = Non-inter-level travel time spent in this place.
 C = Inter-level travel time spent in this place.
 D = Time resting spent in this place.
 E = Time spent auto-exploring this place.
 F = Levels seen in this place.
 G = Mean time per level.
                   A        B        C        D        E       F      G
               +--------+--------+--------+--------+--------+-----+--------+
         Total |   2630 |   2516 |    114 |    526 |   1495 |   4 |  657.5 |
       Dungeon |   2630 |   2516 |    114 |    526 |   1495 |   4 |  657.5 |
               +--------+--------+--------+--------+--------+-----+--------+

Top non-repeatable levels by time:
     D:2: 984 daAuts
     D:3: 860 daAuts
     D:1: 661 daAuts
     D:4: 123 daAuts
